 Dungeon Crawl Stone Soup version 0.29-a0-551-gffc1d7fb78 (webtiles) character file.

Game seed: 4674829301153571013

183 shadowstone the Shield-Bearer (level 5, -1/33 HPs)
             Began as a Gargoyle Fighter on June 5, 2022.
             Was a Plaything of Xom.
             Frozen to death by an endoplasm (2 damage)
             ... on level 4 of the Dungeon.
             The game lasted 00:17:24 (3501 turns).

shadowstone the Shield-Bearer (Gargoyle Fighter)    Turns: 3501, Time: 00:17:25

Health: -1/33      AC: 13    Str: 21    XL:     5   Next: 62%
Magic:  5/5        EV:  6    Int:  9    God:    Xom [*.....]
Gold:   93         SH: 10    Dex:  9    Spells: 4/4 levels left

rFire   + . .      SeeInvis .   q - +2 spear (freeze)
rCold   . . .      Faith    .   r - +2 kite shield {rPois}
rNeg    + . .      Spirit   .   s - +0 chain mail
rPois   ∞          Reflect  .   (no helmet)
rElec   +          Harm     .   (no cloak)
rCorr   .          Rampage  .   (no gloves)
Will    .....                   (no boots)
Stlth   ..........              (no amulet)
HPRegen 0.11/turn               n - ring of protection from fire
MPRegen 0.09/turn               (no ring)

@: flying
A: sickness immunity, AC +4, negative energy resistance 1, electricity
resistance, torment resistance 1, petrification resistance
a: Renounce Religion


You were on level 4 of the Dungeon.
You worshipped Xom.
You were a special plaything of Xom.
You visited 1 branch of the dungeon, and saw 4 of its levels.

You collected 93 gold pieces.

Inventory:

Hand Weapons
 a - a +0 trident
 l - a +0 dagger of venom
 q - a +2 spear of freezing (weapon)
 t - a +1 dagger of speed
Armour
 b - a +0 scale mail
 c - a +0 buckler
 r - a +2 kite shield of poison resistance (worn)
 s - a +0 chain mail (worn)
Magical Staves
 p - a staff of death
 u - a staff of conjuration
Jewellery
 n - a ring of protection from fire (left hand)
Scrolls
 m - 2 scrolls of identify
Potions
 d - 2 potions of might
 i - a potion of attraction {unknown}
 j - 3 potions of curing {unknown}
 k - a potion of heal wounds {unknown}
 v - a potion of brilliance {unknown}
 x - a potion of lignification


   Skills:
 + Level 3.8 Fighting
 + Level 2.9(3.0) Polearms
 + Level 0.8(2.2) Staves
 + Level 4.0 Armour
 + Level 1.4 Dodging
 + Level 1.3 Stealth
 + Level 4.1 Shields


You had 4 spell levels left.
You didn't know any spells.
Your spell library contained the following spells:

 Spells                   Type           Power      Damage    Failure   Level
 Freeze                   Ice            0%         1d3       100%        1
 Ensorcelled Hibernation  Hex/Ice        0%         N/A       100%        2
 Passwall                 Tmut/Erth      0%         N/A       100%        2
 Frozen Ramparts          Ice            0%         1d2       100%        3
 Gell's Gravitas          Tloc           0%         N/A       100%        3
 Lesser Beckoning         Tloc           0%         N/A       100%        3
 Swiftness                Air            0%         N/A       100%        3
 Teleport Other           Tloc           0%         N/A       100%        3
 Hailstorm                Conj/Ice       0%         3d3       100%        4


Dungeon Overview and Level Annotations

Branches:
Dungeon (4/15)
 Temple: D:4-7

Altars:
Xom


Innate Abilities, Weirdness & Mutations

You are immune to sickness and miasma.
Your stone body is resilient. (AC +4)
You are immune to poison.
You resist negative energy. (rN+)
You are resistant to electric shocks. (rElec)
You are resistant to unholy torment.
You are immune to petrification.


Message History

Something hits you but does no damage.
The necrophage hits you but does no damage.
It was a potion of magic.
Magic courses through your body.
Xom is highly amused!
Xom briefly touches your surroundings.
You are frozen.
The necrophage hits you but does no damage.
It was a potion of flight.
You feel very buoyant.
You fly up into the air.
You block the necrophage's attack. Something hits you but does no damage.
Something hits you but does no damage.
You barely miss the necrophage.
The necrophage is heavily damaged.
You are frozen.
The necrophage hits you but does no damage.
You closely miss the necrophage.
The necrophage is moderately damaged.
You are frozen.
The necrophage barely misses you.
You closely miss the necrophage.
The necrophage is moderately damaged. "Get over here!"
You are now a special plaything of Xom.
You block the necrophage's attack. x2
You puncture the necrophage! You freeze the necrophage.
The necrophage is severely damaged.
You block the necrophage's attack.
You barely miss the necrophage.
The necrophage is severely damaged.
The necrophage hits you but does no damage.
You block something's attack.
You puncture the necrophage! You freeze the necrophage.
You destroy the necrophage!
You are frozen.
* * * LOW HITPOINT WARNING * * *
Your Armour skill increases to level 4!
Your Shields skill increases to level 4!
You start resting.
You are frozen.
* * * LOW HITPOINT WARNING * * *
You start resting.
You are frozen.
You die...

####....# #...##...<. #
#....# #...#..##.. #.
#..#.# #.....##..# #.
#..#.# #....##.... #..
#....## #....#..... #..
#.....###.......#..
##..#........##...<##..
#..$.......## ###.###..
#.####@)_.## #......
#.....# ##.....
#...#..# #.#..#
#....#..# #.#.##
....$##... ....#
......# #.. ####.#
....._# .. #.. ##......
##. ##......


There were no monsters in sight!

Vanquished Creatures
  A necrophage (D:4)
  Natasha (twice) (D:3)
  2 adders (D:3)
  An ufetubus (D:4)
  3 dart slugs
  An orc (D:3)
  7 bats
  4 endoplasms
  A giant cockroach (D:1)
  4 goblins
  4 hobgoblins
  4 quokkas
  4 ball pythons
  2 frilled lizards (D:3)
  3 kobolds
  2 rats
45 creatures vanquished.

Notes
Turn   | Place    | Note
-------+----------+-------------------------------------------
     0 | D:1      | shadowstone the Gargoyle Fighter began the quest for the
                  | Orb.
     0 | D:1      | Reached XP level 1. HP: 14/14 MP: 1/1
   371 | D:1      | Reached XP level 2. HP: 19/19 MP: 2/2
  1004 | D:1      | Found a faded altar of an unknown god.
  1015 | D:1      | Prayed at the altar of an unknown god.
  1015 | D:1      | Became a worshipper of Xom of Chaos
  1158 | D:1      | XOM: cloud trail
  1597 | D:2      | Reached XP level 3. HP: 23/23 MP: 3/3
  1891 | D:3      | Reached skill level 1 in Stealth
  2164 | D:3      | XOM: noise
  2173 | D:3      | Reached XP level 4. HP: 16/28 MP: 4/4
  2600 | D:3      | Noticed Natasha
  2605 | D:3      | Reached skill level 1 in Dodging
  2607 | D:3      | XOM: summons friendly crimson imp
  2612 | D:3      | Killed Natasha
  3083 | D:3      | Noticed Natasha
  3091 | D:3      | Killed Natasha
  3303 | D:4      | Reached XP level 5. HP: 24/33 MP: 5/5
  3481 | D:4      | XOM: noise
  3486 | D:4      | XOM: noise
  3489 | D:4      | XOM: enchant monster (bad)
  3490 | D:4      | XOM: scenery: create altars
  3495 | D:4      | XOM: blink monster(s)
  3500 | D:4      | HP: 1/33 [something (4)]
  3501 | D:4      | Frozen to death by an endoplasm

Illustrated notes

Levels and vault maps discovered:
D:1:      kennysheep_arrival_forest, layout_loops_ring,
          chequers_ecumenical_altar_island, chequers_serial_rivers_small_3
D:2:      layout_basic
D:3:      layout_loops_ring, uniq_natasha
D:4:      layout_layer_cave, lemuel_crystal_altar, minivault_27,
          chequers_serial_rivers_micro_b, small_statue_intersection

Skill      XL: |  1  2  3  4  5 |
---------------+----------------+-----
Polearms       | 2 |  2.9
Stealth        | 1 |  1.3
Dodging        | 1 |  1.4
Armour         | 4 |  4.0
Shields        | 4 |  4.1
Fighting       | |  3.8
Staves         | |  0.8

Action                   |  1- 3 |  4- 6 || total
-------------------------+-------+-------++-------
Melee: Trident           |    89 |       ||    89
       Staff             |    42 |       ||    42
       Spear             |     7 |    61 ||    68
  Use: Scroll            |       |     8 ||     8
       Potion            |       |     2 ||     2
Armor: Scale mail        |   175 |    35 ||   210
       Chain mail        |       |    25 ||    25
Dodge: Dodged            |   120 |    53 ||   173
Block: Buckler           |    85 |    14 ||    99
       Kite shield       |       |    36 ||    36

Table legend: (Time is in decaauts)
 A = Elapsed time spent in this place.
 B = Non-inter-level travel time spent in this place.
 C = Inter-level travel time spent in this place.
 D = Time resting spent in this place.
 E = Time spent auto-exploring this place.
 F = Levels seen in this place.
 G = Mean time per level.
                   A        B        C        D        E       F      G
               +--------+--------+--------+--------+--------+-----+--------+
         Total |   3578 |   3556 |     22 |   1384 |     19 |   4 |  894.5 |
       Dungeon |   3578 |   3556 |     22 |   1384 |     19 |   4 |  894.5 |
               +--------+--------+--------+--------+--------+-----+--------+

Top non-repeatable levels by time:
     D:3: 1421 daAuts
     D:1: 1248 daAuts
     D:2: 686 daAuts
     D:4: 222 daAuts
